 Dungeon Crawl Stone Soup version 0.23.0-3-gf3c87f2 (webtiles) character file.

Game seed: 3230377759751883750

9521 Hasart the Destroyer (level 11, -1/85 HPs)
             Began as a Demigod Wizard on Feb 24, 2019.
             Slain by a spiny frog (11 damage)
             ... on level 1 of the Lair of Beasts on Feb 25, 2019.
             The game lasted 00:58:01 (14235 turns).

Hasart the Destroyer (Demigod Wizard)              Turns: 14235, Time: 00:58:02

Health: -1/85      AC:  6    Str:  5    XL:     11   Next: 4%
Magic:  21/34      EV: 11    Int: 33    God:
Gold:   18         SH:  5    Dex: 14    Spells: 12/23 levels left

rFire    + . .     SeeInvis .   M - +6 falchion of Disintegration {speed, Str-5 Int+5}
rCold    . . .     Gourm    .   I - +0 buckler
rNeg     . . .     Faith    .   F - +2 leather armour {rF+}
rPois    .         Spirit   .   b - +0 hat
rElec    .         Reflect  .   Q - scarf {cloud immunity}
rCorr    +         Harm     .   B - +0 pair of gloves
MR       +....                  (no boots)
Stlth    ++........             J - amulet of regeneration
HPRegen  0.64/turn              y - ring of resist corrosion
MPRegen  0.24/turn              E - ring of magical power

@: no status effects
A: high mp 1
a: no special abilities


You were on level 1 of the Lair of Beasts.
You were not hungry.

You visited 2 branches of the dungeon, and saw 12 of its levels.

You collected 609 gold pieces.
You spent 591 gold pieces at shops.

Inventory:

Hand Weapons
 K - a +4 long sword
 M - the +6 falchion of Disintegration (weapon) {speed, Str-5 Int+5}
   (You found it on level 9 of the Dungeon)

   Attacks with this weapon are significantly faster.
   It affects your strength (-5).
   It affects your intelligence (+5).
 P - a +1 short sword of electrocution
Armour
 b - a +0 hat (worn)
 B - a +0 pair of gloves (worn)
 F - a +2 leather armour of fire resistance (worn)
 I - a +0 buckler (worn)
 Q - a scarf of cloud immunity (worn)
Magical Staves
 a - an uncursed staff of conjuration
Jewellery
 y - a ring of resist corrosion (left hand)
 D - an uncursed ring of protection from fire {unknown}
 E - a ring of magical power (right hand)
 H - an uncursed amulet of the acrobat
 J - an amulet of regeneration (around neck)
 L - a cursed -3 ring of evasion {unknown}
Wands
 h - a wand of iceblast (9)
 r - a wand of digging (8)
 A - a wand of scattershot (5)
 C - a wand of polymorph (26)
Scrolls
 c - 6 scrolls of remove curse
 e - a scroll of immolation {unknown}
 i - 2 scrolls of random uselessness {unknown}
 j - 9 scrolls of identify
 n - 2 scrolls of amnesia {unknown}
 o - a scroll of enchant weapon {unknown}
 p - 2 scrolls of fog {unknown}
 t - a scroll of holy word {unknown}
 u - 4 scrolls of teleportation
 v - 2 scrolls of fear {unknown}
 w - a scroll of magic mapping {unknown}
 G - a scroll of vulnerability {unknown}
 N - a scroll of blinking {unknown}
Potions
 f - 2 potions of haste
 g - 3 potions of curing
 k - a potion of resistance {unknown}
 l - 2 potions of magic {unknown}
 q - a potion of invisibility {unknown}
 s - a potion of agility {unknown}
 x - 2 potions of heal wounds {unknown}
 z - a potion of brilliance {unknown}
 O - a potion of mutation {unknown}
Comestibles
 d - 12 rations


   Skills:
 + Level 4.5 Fighting
 + Level 2.2 Long Blades
 - Level 4.0 Armour
 - Level 1.7 Dodging
 - Level 1.7 Stealth
 - Level 5.0 Shields
 + Level 6.7 Spellcasting
 * Level 9.5 Conjurations
 - Level 4.3 Summonings
 - Level 0.8 Translocations
 - Level 4.0 Air Magic
 - Level 4.0 Poison Magic


You had 12 spell levels left.
You knew the following spells:

 Your Spells              Type           Power        Failure   Level  Hunger
a - Magic Dart            Conj           ####         1%          1    None
b - Blink                 Tloc           N/A          7%          2    None
c - Call Imp              Summ           #####...     1%          2    None
d - Mephitic Cloud        Conj/Pois/Air  #####...     1%          3    None
u - Regeneration          Chrm/Necr      ##........   19%         3    None

Your spell library contained the following spells:

 Spells                   Type           Power        Failure   Level  Hunger
 Conjure Flame            Conj/Fire      #####...     2%          3    None
 Infusion                 Chrm           ##..         6%          1    None
 Shroud of Golubria       Chrm/Tloc      ##........   8%          2    None
 Slow                     Hex            ##......     10%         2    None
 Song of Slaying          Chrm           ##......     10%         2    None
 Spectral Weapon          Hex/Chrm       ##......     19%         3    None


Dungeon Overview and Level Annotations

Branches:
Dungeon (11/15)            Temple (0/1) D:7            Lair (1/6) D:9
    Orc (0/2) D:11

Shops:
D:4 *   D:8 *   D:11 %


Innate Abilities, Weirdness & Mutations

You have an increased reservoir of magic. (+10% MP)


Message History

* * * LOW HITPOINT WARNING * * *
You are more poisoned.
The spiny frog poisons you!
Your crimson imp blinks!
Casting: Magic Dart (safe; 1% risk of failure)
Confirm with . or Enter, or press ? or * to list all spells.
Aiming: Magic Dart (safe; 1% risk of failure)
Press: ? - help, Shift-Dir - straight line, f/p - spiny frog
Aim: a spiny frog (almost dead)
The magic dart hits the spiny frog.
The spiny frog is almost dead.
You feel sick.
Your shadow imp closely misses the spiny frog.
The spiny frog stings you!
* * * LOW HITPOINT WARNING * * *
You are more poisoned.
The spiny frog poisons you!
Your crimson imp blinks!
You feel better. The spiny frog stings you!
You die...

#........# +........#
#........# #...§....#
##.'# ### #...###
###.###'P##.#####
#...............#
#......5F@..÷...#
#........h......#
+...............#
#.....).........#
###....[........÷.##
.............÷.÷÷<.#
................÷..##
...#...†........>..#
#.####.#..'####.####


You could see a spiny frog, a wolf and a friendly shadow imp.

Vanquished Creatures
  Sonja (D:10)
  A centaur zombie (D:11)
  A komodo dragon (D:9)
  A hornet (D:9)
  3 hippogriffs
  A wraith (D:11)
  A wyvern (D:11)
  2 humans
  A basilisk (Lair:1)
  Eustachio (D:6)
  A warg (D:11)
  A soldier ant (D:11)
  2 water moccasins (Lair:1)
  2 orc warriors
  2 porcupines (Lair:1)
  2 ice beasts
  A black bear (D:6)
  3 phantoms
  3 ogres
  4 sky beasts
  5 centaurs
  27 wolves (Lair:1)
  2 crocodiles (Lair:1)
  4 bullfrogs
  A wyvern zombie (D:11)
  2 scorpions
  6 killer bees (D:11)
  4 wights (D:9)
  3 howler monkeys
  7 crimson imps
  2 quasits
  2 bullfrog zombies
  A jelly (D:10)
  3 bullfrog skeletons
  A centaur skeleton (D:9)
  3 hounds
  3 orc priests (D:11)
  5 orc wizards
  An iguana (D:7)
  7 worker ants
  A killer bee zombie (D:6)
  A hound zombie (D:8)
  A hound skeleton (D:7)
  A worker ant zombie (D:5)
  3 gnolls (D:4)
  An adder (D:4)
  An ooze (D:4)
  2 adder skeletons (D:9)
  3 worms
  2 dart slugs
  4 leopard geckos
  25 orcs
  4 bats
  3 giant cockroaches
  3 goblins
  8 hobgoblins
  4 jackals (D:6)
  A kobold (D:2)
  4 quokkas
  2 ball pythons
  4 frilled lizards
  A jackal skeleton (D:7)
  A leopard gecko zombie (D:6)
  A quokka zombie (D:6)
  2 rats
  A plant (D:9)
207 creatures vanquished.

Vanquished Creatures (collateral kills)
  A hydra (Lair:1)
  A hungry ghost (D:7)
  A warg (D:11)
  A water moccasin (D:11)
  An ogre (D:11)
  2 wights (D:9)
  An orc wizard (D:11)
  A hound skeleton (D:9)
  A shadow imp (D:5)
  A worm (D:2)
  An orc (D:10)
  A quokka (D:5)
13 creatures vanquished.

Vanquished Creatures (others)
  2 fungi (Lair:1)
  17 plants (Lair:1)
19 creatures vanquished.

Grand Total: 239 creatures vanquished

Notes
Turn   | Place    | Note
-------+----------+-------------------------------------------
     0 | D:1      | Hasart the Demigod Wizard began the quest for the Orb.
     0 | D:1      | Reached XP level 1. HP: 14/14 MP: 6/6
     5 | D:1      | Reached skill level 1 in Conjurations
   570 | D:2      | Reached XP level 2. HP: 2/20 MP: 0/8
   718 | D:2      | Learned a level 2 spell: Blink
   721 | D:2      | Learned a level 2 spell: Call Imp
  1728 | D:3      | Reached skill level 2 in Conjurations
  1796 | D:3      | Found a faded altar of an unknown god.
  1888 | D:3      | Reached skill level 1 in Shields
  1888 | D:3      | Reached XP level 3. HP: 24/26 MP: 0/10
  2658 | D:4      | Reached XP level 4. HP: 26/33 MP: 2/11
  2725 | D:4      | Learned a level 3 spell: Mephitic Cloud
  2858 | D:4      | Reached skill level 1 in Summonings
  2867 | D:4      | Reached skill level 3 in Conjurations
  3168 | D:4      | Reached XP level 5. HP: 9/38 MP: 1/13
  3842 | D:4      | Found Iney's Assorted Antiques.
  3851 | D:4      | Bought a murky brown potion for 18 gold pieces
  3851 | D:4      | Bought a scroll labeled DIMEIC UHEIVVI for 21 gold pieces
  3851 | D:4      | Bought a scroll labeled CIMUIDWO BECO for 21 gold pieces
  3851 | D:4      | Bought a scroll labeled NOUSHO MIOGAE for 21 gold pieces
  3851 | D:4      | Bought a scroll labeled OVA DAIVIPRYPT for 21 gold pieces
  3851 | D:4      | Bought a scroll labeled SIELEA LIUKK for 21 gold pieces
  3851 | D:4      | Bought a smoky white potion for 18 gold pieces
  4244 | D:4      | Reached skill level 1 in Air Magic
  4244 | D:4      | Reached skill level 1 in Poison Magic
  4510 | D:5      | Entered Level 5 of the Dungeon
  4765 | D:5      | Reached XP level 6. HP: 39/45 MP: 3/14
  4973 | D:5      | Found a glowing golden altar of the Shining One.
  5789 | D:6      | Reached skill level 4 in Conjurations
  5984 | D:6      | Reached XP level 7. HP: 40/50 MP: 4/16
  6129 | D:6      | Noticed Eustachio
  6171 | D:7      | Found a staircase to the Ecumenical Temple.
  7136 | D:6      | Reached skill level 5 in Conjurations
  7217 | D:6      | Killed Eustachio
  7217 | D:6      | Reached XP level 8. HP: 57/57 MP: 1/17
  7686 | D:7      | Noticed a hippogriff
  7710 | D:7      | Killed a hippogriff
  8609 | D:7      | Found a sacrificial altar of Ru.
  8831 | D:7      | Reached skill level 6 in Conjurations
  9206 | D:7      | Got a translucent ring mail
  9208 | D:7      | Identified the +4 ring mail of Fedhas's Anger {+Inv} (You
                  | found it on level 7 of the Dungeon)
  9484 | D:8      | Reached XP level 9. HP: 62/62 MP: 20/20
  9619 | D:8      | Reached skill level 5 in Spellcasting
  9786 | D:8      | Found Yblatuqo's Assorted Antiques.
 10236 | D:9      | Reached skill level 1 in Armour
 10348 | D:9      | Reached skill level 1 in Fighting
 10348 | D:9      | Reached skill level 7 in Conjurations
 10738 | D:9      | Got a steaming falchion
 10739 | D:9      | Identified the +6 falchion of Disintegration {speed, Str-5
                  | Int+5} (You found it on level 9 of the Dungeon)
 10871 | D:9      | Found a staircase to the Lair.
 10872 | D:9      | Noticed a komodo dragon
 10916 | D:9      | Killed a komodo dragon
 11051 | D:9      | Found a hazy altar of Hepliaklqana.
 11054 | D:9      | Found a blossoming altar of Fedhas.
 11057 | D:9      | Found a burning altar of Makhleb.
 11125 | D:9      | Reached skill level 5 in Shields
 11240 | D:10     | Entered Level 10 of the Dungeon
 11391 | D:10     | Noticed Sonja
 11404 | D:10     | Killed Sonja
 11404 | D:10     | Reached XP level 10. HP: 64/74 MP: 22/22
 11440 | D:10     | Noticed a red ugly thing
 11506 | D:11     | Reached skill level 8 in Conjurations
 12226 | D:11     | Found Revaq's Food Shoppe.
 13012 | D:11     | Found a staircase to the Orcish Mines.
 13387 | D:10     | Noticed a two-headed ogre
 13456 | D:8      | Bought a leatherbound book for 450 gold pieces
 13460 | D:8      | Learned a level 3 spell: Regeneration
 13544 | Lair:1   | Entered Level 1 of the Lair of Beasts
 13544 | Lair:1   | Noticed a four-headed hydra
 13573 | Lair:1   | Killed a four-headed hydra
 13573 | Lair:1   | Reached skill level 9 in Conjurations
 13692 | Lair:1   | Reached skill level 1 in Long Blades
 13968 | Lair:1   | Reached XP level 11. HP: 84/85 MP: 6/25
 14234 | Lair:1   | HP: 4/85 [spiny frog (10)]
 14235 | Lair:1   | Slain by a spiny frog

Skill      XL: |  1  2  3  4  5  6  7  8  9 10 |
---------------+-------------------------------+-----
Conjurations   | 1 2 3 4 5 6 7 9 |  9.5
Spellcasting   | 3 4 5 6 |  6.7
Shields        | 1 2 3 4 5 |  5.0
Summonings     | 1 2 3 4 |  4.3
Air Magic      | 1 2 3 4 |  4.0
Poison Magic   | 1 2 3 4 |  4.0
Armour         | 2 4 |  4.0
Fighting       | 2 4 |  4.5
Long Blades    | 2 |  2.2
Dodging        | |  1.7
Stealth        | |  1.7
Translocations | |  0.8

Action                   |  1- 3 |  4- 6 |  7- 9 | 10-12 || total
-------------------------+-------+-------+-------+-------++-------
Melee: Dagger            |    19 |       |       |       ||    19
       Quarterstaff      |       |    46 |    60 |       ||   106
       Rapier            |       |       |    68 |       ||    68
       Falchion          |       |       |    19 |   141 ||   160
       Hand axe          |       |       |     5 |       ||     5
 Cast: Magic Dart        |    93 |   131 |   355 |   214 ||   793
       Call Imp          |     2 |     3 |    23 |    35 ||    63
       Mephitic Cloud    |       |    10 |    43 |    38 ||    91
       Blink             |       |       |     2 |     2 ||     4
  Use: Scroll            |       |       |     3 |     1 ||     4
       Potion            |       |       |       |     1 ||     1
 Stab: Sleeping          |     1 |       |       |       ||     1
       Confused          |       |     5 |    18 |    25 ||    48
  Eat: Chunk             |     5 |     7 |    10 |     3 ||    25
       Ration            |       |     1 |     3 |     2 ||     6
Armor: Robe              |    17 |    15 |    20 |       ||    52
       Leather armour    |       |       |    62 |    61 ||   123
Dodge: Dodged            |    39 |    54 |   143 |   127 ||   363
Block: Buckler           |       |       |    23 |    66 ||    89
       Rpst.: Falchion   |       |       |       |    39 ||    39
